 Dungeon Crawl Stone Soup version 0.31-a0-208-gdb31a4691d (webtiles) character file.

Game seed: 14886940732203668188

1736 frimble the Cutter (level 9, -5/54 HPs)
             Began as an Octopode Warper on June 29, 2023.
             Was a Follower of Cheibriados.
             Slain by a wraith (7 damage)
             ... on level 5 of the Dungeon.
             The game lasted 00:10:58 (5685 turns).

frimble the Cutter (Octopode Warper)                Turns: 5685, Time: 00:10:59

Health: -5/54      AC: -1    Str: 11    XL:     9   Next: 5%
Magic:  1/12       EV: 13    Int: 19    God:    Cheibriados [*.....]
Gold:   226        SH:  5    Dex: 15    Spells: 5/12 levels left

rFire   . . .        e - +1 dagger (venom)
rCold   . . .        l - +0 buckler
rNeg    . . .        (helmet restricted)
rPois   .            (no amulet)
rElec   .            (no ring)
rCorr   .            (no ring)
SInv    .            (no ring)
Will    .....        (no ring)
Stlth   ++++         (no ring)
HPRegen 0.29/turn    (no ring)
MPRegen 0.13/turn    (no ring)
                     (no ring)

%: no passive effects
@: corroded, attractive, slowed, very slow
A: almost no armour, amphibious, 8 rings, camouflage 1, gelatinous body 1,
(nimble swimmer 1), tentacles, iridescent scales 1, weak 1
a: Renounce Religion, Bend Time


You were on level 5 of the Dungeon.
You worshipped Cheibriados.
Cheibriados was aware of your devotion.
You visited 2 branches of the dungeon, and saw 7 of its levels.

You collected 226 gold pieces.

Inventory:

Hand Weapons
 e - a +1 dagger of venom (weapon)
Missiles
 c - 3 boomerangs of dispersal (quivered)
Armour
 l - a +0 buckler (worn)
Jewellery
 n - a ring of flight
Scrolls
 b - 4 scrolls of blinking
 h - a scroll of enchant armour
 k - a scroll of revelation
 m - a scroll of amnesia
Potions
 f - a potion of curing
 g - a potion of attraction
 i - a potion of mutation


   Skills:
 - Level 2.0 Fighting
 + Level 6.6 Short Blades
 - Level 1.0 Throwing
 - Level 2.3 Dodging
 + Level 5.0 Stealth
 + Level 5.1 Shields
 - Level 2.0 Spellcasting
 + Level 4.3 Conjurations
 - Level 3.1 Translocations
 + Level 4.5 Earth Magic


You had 5 spell levels left.
You knew the following spells:

 Your Spells              Type           Power      Damage    Failure   Level
a - Blink                 Tloc           26%        N/A       10%         2
b - Stone Arrow           Conj/Erth      36%        3d9       11%         3
c - Passwall              Tmut/Erth      8%         N/A       14%         2

Your spell library contained the following spells:

 Spells                   Type           Power      Damage    Failure   Level
 Sandblast                Erth           38%        2d10      3%          1
 Lesser Beckoning         Tloc           26%        N/A       10%         2
 Teleport Other           Tloc           13%        N/A       19%         3
 Sublimation of Blood     Necr           1%         N/A       34%         2
 Vhi's Electric Charge    Tloc/Air       14%        N/A       34%         3
 Manifold Assault         Tloc           13%        N/A       52%         4
 Petrify                  Tmut/Erth      10%        N/A       65%         4
 Irradiate                Conj/Tmut      5%         3d13      95%         5


Dungeon Overview and Level Annotations

Branches:
Dungeon (6/15)             Temple (1/1) D:6

Altars:
Ashenzari
Cheibriados
Fedhas
Hepliaklqana
Kikubaaqudgha
Nemelex Xobeh
Okawaru
Ru
Sif Muna
Trog
Uskayaw
Xom
Zin
The Shining One

Annotations:
D:6 1 runed translucent door, Crazy Yiuf


Innate Abilities, Weirdness & Mutations

You cannot wear most types of armour.
You are amphibious.
You can wear up to eight rings at the same time.
Your skin changes colour to match your surroundings (Stealth+).
Your rubbery body absorbs attacks. (AC +1, EV +1)
((You are camouflaged when in or above water. (Stealth+)))
You have tentacles for arms and can constrict up to eight enemies at once.
You are partially covered in iridescent scales. (AC +2)
You are weak. (Str -2)


Message History

You grab the iguana.
The iguana is almost dead.
You constrict the iguana, but do no damage.
You kill the iguana!
Cheibriados appreciates the change of pace.
The wraith completely misses you. The orc priest is attracted toward you.
The jelly is attracted toward you. The adder is attracted toward you.
You hit the jelly.
Your attack snaps the jelly out of its fear.
The acid corrodes you!
Your tentacles burn!
You squeeze the jelly, but do no damage.
The jelly is moderately wounded.
You block the jelly's attack. The wraith hits you.
* * * LOW HITPOINT WARNING * * *
The wraith drains your vigour!
You feel as though you will be slow longer.
The adder is attracted toward you. The orc priest is attracted toward you.
You hit the jelly but do no damage.
Your tentacles burn!
* * * LOW HITPOINT WARNING * * *
You squeeze the jelly.
The jelly is severely wounded.
The jelly hits you.
* * * LOW HITPOINT WARNING * * *
You are splashed with acid.
* * * LOW HITPOINT WARNING * * *
The wraith hits you.
* * * LOW HITPOINT WARNING * * *
The wraith drains your vigour!
You feel as though you will be slow longer.
The orc priest is attracted toward you. The adder is attracted toward you.
Casting: Blink (safe; 10% risk of failure)
Confirm with . or Enter, or press ? or * to list all spells.
You don't have enough magic to cast this spell.
Unknown command.
You feel better. The jelly misses you. The wraith hits you!
* * * LOW HITPOINT WARNING * * *
The wraith drains your vigour!
You feel as though you will be slow longer.
The wraith hits you!
You die...

.....# #.#
#....###...#####
.....#####.#
#...............
...........#
#.#.#####...#.†#
####.#.....l .. #.#
#...#..# #.#..=.. ## #.
#...#... #.# .... ..
#...##.. #.# #.## ##
#......# ####.# .#
####### #..###.. .....#
#..@J.#######..# #.#
###### #.#W#.†.)).##..#
#.# .....
..#.....#.##.##..# ###
..... ..#.#§#S#.##.##..#
########
##..#..o.§#so.o##..#
.......# ...##[######
'###O.# ######.#
#..#.)[...#S.W
....)..###..#.#..#.#...#
#
######...#..#......#..J#
. ..


You could see a wraith, a jelly, an orc priest (fleeing) and an adder (fleeing).

Vanquished Creatures
  Pikel (D:5)
  Menkaure (D:6)
  A water moccasin (D:6)
  2 ogres
  A bullfrog (D:6)
  4 scorpions
  3 hounds (D:5)
  A jelly (D:5)
  4 orc priests
  2 iguanas
  3 orc wizards
  12 adders
  2 white imps (D:6)
  2 ufetubi
  4 dart slugs
  16 orcs
  9 ball pythons
  3 endoplasms
  6 goblins
  6 hobgoblins
  5 quokkas
  8 bats
  9 frilled lizards
  A kobold (D:4)
  4 rats
110 creatures vanquished.

Notes
Turn   | Place    | Note
-------+----------+-------------------------------------------
     0 | D:1      | frimble the Octopode Warper began the quest for the Orb.
     0 | D:1      | Reached XP level 1. HP: 14/14 MP: 3/3
    39 | D:1      | Reached skill level 1 in Stealth
   124 | D:1      | Reached XP level 2. HP: 4/19 MP: 5/5
   700 | D:2      | Reached XP level 3. HP: 19/24 MP: 6/6
   792 | D:2      | Reached skill level 3 in Short Blades
  1047 | D:2      | Reached XP level 4. HP: 20/29 MP: 7/7
  1299 | D:2      | Learned a level 2 spell: Blink
  1497 | D:3      | Found a faded altar of an unknown god.
  2350 | D:3      | Reached XP level 5. HP: 14/34 MP: 8/8
  2654 | D:4      | Found a broken altar of Ashenzari.
  2693 | D:4      | Reached skill level 4 in Short Blades
  2732 | D:4      | Reached skill level 5 in Stealth
  2732 | D:4      | Reached skill level 1 in Shields
  3024 | D:5      | Entered Level 5 of the Dungeon
  3039 | D:5      | Gained mutation: You are weak. (Str -2) [potion of
                  | mutation]
  3039 | D:5      | Gained mutation: You are partially covered in iridescent
                  | scales. (AC +2) [potion of mutation]
  3053 | D:5      | Reached XP level 6. HP: 21/39 MP: 9/9
  3295 | D:5      | Learned a level 3 spell: Stone Arrow
  3461 | D:6      | Learned a level 2 spell: Passwall
  3597 | D:6      | Found a runed translucent door.
  3598 | D:6      | Noticed Crazy Yiuf
  3800 | D:6      | Reached skill level 1 in Conjurations
  3800 | D:6      | Reached skill level 1 in Earth Magic
  3800 | D:6      | Reached XP level 7. HP: 37/45 MP: 8/10
  3883 | D:6      | Reached skill level 5 in Short Blades
  4090 | D:6      | Noticed Menkaure
  4127 | D:6      | Killed Menkaure
  4345 | D:6      | Found a staircase to the Ecumenical Temple.
  4516 | Temple   | Entered the Ecumenical Temple
  4663 | Temple   | Became a worshipper of Cheibriados the Contemplative
  4825 | D:5      | Reached XP level 8. HP: 41/50 MP: 7/11
  4917 | D:5      | Noticed Pikel
  4931 | D:5      | Killed Pikel
  4932 | D:5      | Reached skill level 6 in Short Blades
  5317 | D:5      | Noticed a wraith
  5331 | D:5      | Reached * piety under Cheibriados
  5642 | D:5      | Reached skill level 5 in Shields
  5642 | D:5      | Reached XP level 9. HP: 54/54 MP: 6/12
  5685 | D:5      | HP: 2/54 [wraith (14)]
  5685 | D:5      | Slain by a wraith

Illustrated notes

Levels and vault maps discovered:
D:1:      erik_arrival_triangle_medium, layout_rooms, st_stairs_7,
          minmay_lizard_king
D:2:      layout_rooms, chequers_mini_garden, minmay_parallelograms, minmay_puff
D:3:      layout_basic, dreamdust_ecumenical_altar_statues
D:4:      cheibrodos_helix_gallery, layout_loops_cross,
          nicolae_ashenzari_skybound, serial_bayou, serial_bayou_shore_b,
          serial_bayou_crossing, serial_bayou_lagoon_a, serial_bayou_pond_c,
          uniq_edmund
D:5:      minmay_clustersquares, layout_basic, minmay_misc_feat_square,
          columned_hall_lemuel, dk_noncrumbling_2, uniq_pikel
D:6:      layout_basic, minmay_temple_entry_drinking_statues,
          hellmonk_bongcloud_opening, uniq_menkaure, uniq_crazy_yiuf_cottage
Temple:   dpeg_five_rooms_temple

Skill      XL: |  1  2  3  4  5  6  7  8 |
---------------+-------------------------+-----
Stealth        | 1 2 3 4 5 |  5.0
Short Blades   | 3 4 5 6 |  6.6
Shields        | 1 2 3 5 |  5.1
Conjurations   | 1 2 4 |  4.3
Earth Magic    | 1 2 4 |  4.5
Fighting       | |  2.0
Throwing       | |  1.0
Dodging        | |  2.3
Spellcasting   | |  2.0
Translocations | |  3.1

Action                     |  1- 3 |  4- 6 |  7- 9 || total
---------------------------+-------+-------+-------++-------
  Melee: Short sword       |    78 |   141 |    47 ||   266
         Constrict         |    18 |    25 |    23 ||    66
         Tentacles         |    14 |    26 |    27 ||    67
         Punch             |       |     2 |     1 ||     3
         Dagger            |       |       |    51 ||    51
  Throw: Boomerang         |     2 |     2 |       ||     4
   Cast: Blink             |       |     2 |     2 ||     4
         Passwall          |       |     1 |     2 ||     3
         Stone Arrow       |       |       |    17 ||    17
    Use: Scroll            |     5 |     5 |     2 ||    12
         Potion            |     1 |     4 |     4 ||     9
   Stab: Sleeping          |     6 |    11 |     3 ||    20
 Armour: Skin              |     8 |    13 |     7 ||    28
  Dodge: Dodged            |    52 |    60 |    42 ||   154
  Block: Buckler           |       |       |     9 ||     9

Table legend: (Time is in decaauts)
 A = Elapsed time spent in this place.
 B = Non-inter-level travel time spent in this place.
 C = Inter-level travel time spent in this place.
 D = Time resting spent in this place.
 E = Time spent auto-exploring this place.
 F = Levels seen in this place.
 G = Mean time per level.
                   A        B        C        D        E       F      G
               +--------+--------+--------+--------+--------+-----+--------+
         Total |   5790 |   5426 |    364 |    276 |   4051 |   7 |  827.1 |
       Dungeon |   5578 |   5309 |    269 |    276 |   3941 |   6 |  929.7 |
        Temple |    211 |    117 |     94 |      0 |    110 |   1 |  211.0 |
               +--------+--------+--------+--------+--------+-----+--------+

Top non-repeatable levels by time:
     D:5: 1264 daAuts
     D:6: 1242 daAuts
     D:3: 1149 daAuts
     D:2: 987 daAuts
     D:1: 586 daAuts
     D:4: 348 daAuts
  Temple: 211 daAuts
